AoeStats
← Khirs

Pilgrims

509665270Analyzed
4v4 RM · 4d ago on Sep 27, 2026· 65m 2s· 8 players
Game mode
Random Map
Map size
Large (8 player)
Population
200
Speed
Normal
Resources
Standard
Victory
Conquest
Starting age
Dark Age
Ending age
Imperial Age
RankedLock teamsTeams togetherTeam positionsShared explorationLock speedFull tech treeHidden civsTurbo modeCheats
Victory
Defeat
🇹🇷 Goths · Türkiye
784
+13
🇨🇳 Poles · China
752
+14
🇬🇪 Dravidians · Georgia
716
+16
🇪🇸 Chinese · Spain
712
+16
🇧🇷 Bohemians · Brazil
785
-17
🇬🇧 Khmer · United Kingdom
711
-15
🇧🇷 Franks · Brazil
689
-14
🇺🇸 Berbers · United States
665
-13
Khirs
6:08 Loom
14:46 Feudal Age
15:18 Double-Bit Axe
16:06 Horse Collar
16:32 Man-at-Arms
17:31 Gold Mining
22:28 Castle Age
20:36 Fletching
22:44 Crossbowman
23:55 Medium Warships
24:50 Bodkin Arrow
25:08 Forging
24:49 Pikeman
26:21 Scale Mail Armor
27:58 Padded Archer Armor
28:26 Bow Saw
29:27 Leather Archer Armor
39:54 Imperial Age
38:12 Ballistics
38:27 Great Wall
38:29 Murder Holes
39:48 Masonry
40:37 Bracer
41:50 Chemistry
42:29 Conscription
44:03 Elite Chu Ko Nu
44:33 Halberdier
47:33 Ring Archer Armor
47:39 Iron Casting
47:59 Gold Shaft Mining
47:15 Stone Mining
48:05 Wheelbarrow
52:25 Rocketry
55:15 Rocketry
59:43 Hand Cart
59:35 Long Swordsman
61:39 Blast Furnace
60:55 Chain Mail Armor
60:33 Capped Ram
60:59 Two-Handed Swordsman
62:56 Champion
mstyvz00
6:46 Loom
20:34 Feudal Age
22:15 Fishing Lines
34:03 Castle Age
35:17 Gillnets
37:10 Scale Mail Armor
37:20 Forging
41:40 Wheelbarrow
41:24 Chain Mail Armor
41:44 Iron Casting
43:38 Hand Cart
47:50 Imperial Age
49:00 Elite Huskarl
49:40 Anarchy
50:01 Conscription
49:24 Man-at-Arms
49:27 Pikeman
50:07 Squires
51:17 Blast Furnace
51:19 Town Watch
52:34 Perfusion
63:54 Town Patrol
avto.kakhishvili1
12:23 Feudal Age
12:48 Loom
13:21 Double-Bit Axe
14:15 Wheelbarrow
14:25 Gold Mining
15:52 Horse Collar
22:11 Castle Age
21:27 Stone Mining
21:50 Fletching
22:01 Padded Archer Armor
22:56 Husbandry
24:40 Hand Cart
24:39 Thumb Ring
24:35 Bodkin Arrow
24:55 Leather Archer Armor
25:38 Medium Warships
26:03 Bow Saw
28:38 Elite Skirmisher
31:27 Forging
31:23 Scale Barding Armor
32:05 Ballistics
31:58 Masonry
37:30 Imperial Age
45:13 Bracer
45:43 Ring Archer Armor
45:06 Elite Elephant Archer
49:24 Two-Man Saw
54:56 Fishing Lines
56:09 Light Cavalry
57:06 Gillnets
65:10 Iron Casting
64:56 Chain Barding Armor
Cizz...1
11:00 Feudal Age
19:45 Castle Age
18:25 Double-Bit Axe
20:49 Gold Mining
22:04 Stone Mining
22:52 Fishing Lines
28:17 Wheelbarrow
28:56 Bloodlines
30:34 Husbandry
33:48 Gillnets
40:02 Imperial Age
38:14 Hand Cart
39:06 Bow Saw
38:43 Horse Collar
38:58 Light Cavalry
40:16 Winged Hussar
41:21 Conscription
44:07 Stone Shaft Mining
44:09 Heavy Plow
44:03 Town Watch
44:46 Lechitic Legacy
44:35 Szlachta Privileges
45:05 Cavalier
45:55 Treadmill Crane
46:26 Masonry
46:55 Crop Rotation
47:25 Forging
47:31 Scale Barding Armor
48:38 Fletching
50:08 Chemistry
49:29 Ballistics
49:16 Siege Engineers
49:03 Onager
51:12 Chain Barding Armor
50:56 Scale Mail Armor
55:38 Iron Casting
55:18 Chain Mail Armor
55:05 Padded Archer Armor
55:00 Bodkin Arrow
59:05 Heavy Mounted Crossbowman
60:38 Medium Warships
Looting
8:19 Loom
12:12 Feudal Age
13:10 Fishing Lines
13:19 Double-Bit Axe
18:57 Castle Age
19:42 Fletching
28:33 Wheelbarrow
29:23 Bow Saw
32:09 Redemption
35:34 Imperial Age
33:02 Town Watch
34:19 Gillnets
34:50 Kasbah
34:57 Caravan
36:13 Gold Mining
36:43 Hand Cart
36:38 Scale Barding Armor
36:44 Forging
36:19 Heavy Camel Rider
38:35 Chain Barding Armor
38:18 Husbandry
39:29 Padded Archer Armor
42:34 Conscription
42:15 Bodkin Arrow
42:46 Ballistics
43:27 Chemistry
42:41 Thumb Ring
44:00 Light Cavalry
45:19 Bloodlines
45:29 Leather Archer Armor
46:42 Ring Archer Armor
47:40 Bracer
48:03 Hussar
49:26 Plate Barding Armor
49:33 Elite Genitour
54:24 Iron Casting
55:21 Stone Mining
56:36 Blast Furnace
55:36 Murder Holes
55:06 Elite Camel Archer
55:51 Maghrebi Camels
61:26 Onager
Zhukov
6:42 Loom
16:43 Feudal Age
23:52 Castle Age
24:49 Fishing Lines
26:19 Caravan
28:34 Double-Bit Axe
28:58 Gillnets
33:01 Bow Saw
32:49 Demolition Ship
33:50 Medium Warships
34:44 Wheelbarrow
33:55 Town Watch
38:07 Coinage
40:21 Imperial Age
38:17 Scale Mail Armor
41:01 Husbandry
43:37 Cavalier
47:16 Hand Cart
48:34 Scale Barding Armor
48:45 Chain Mail Armor
48:40 Forging
51:16 Plate Mail Armor
54:15 Town Patrol
55:39 Paladin
infolutz
15:52 Feudal Age
18:17 Man-at-Arms
24:28 Castle Age
25:01 Elite Skirmisher
27:01 Wheelbarrow
26:28 Pikeman
27:09 Squires
30:08 Chemistry
29:29 Ballistics
34:02 Hand Cart
34:27 Siphons
36:03 Medium Warships
35:47 Fishing Lines
40:03 Fletching
40:14 Padded Archer Armor
43:19 Wagenburg Tactics
45:59 Imperial Age
45:12 Leather Archer Armor
56:07 Husbandry
58:18 Light Cavalry
61:03 Ring Archer Armor
60:35 Bodkin Arrow
60:41 Scale Mail Armor
62:40 Scale Barding Armor
62:47 Forging
deano earlhs
10:11 Feudal Age
10:43 Double-Bit Axe
11:36 Fishing Lines
13:17 Wheelbarrow
12:29 Town Watch
16:35 Bloodlines
20:31 Castle Age
21:55 Husbandry
21:18 Light Cavalry
24:19 Gold Mining
25:06 Scale Barding Armor
25:13 Forging
25:04 Scale Mail Armor
29:47 Stone Mining
30:32 Gold Shaft Mining
30:27 Hand Cart
30:54 Gillnets
32:47 Bow Saw
32:44 Padded Archer Armor
33:06 Chain Barding Armor
32:36 Fletching
33:22 Iron Casting
33:03 Chain Mail Armor
33:46 Tusk Swords
34:19 Heated Shot
35:44 Horse Collar
39:15 Imperial Age
36:31 Loom
36:53 Heavy Plow
37:05 Siphons
37:28 Ballistics
41:20 Chemistry
40:27 Double Crossbow
41:07 Hoardings
42:21 Plate Barding Armor
42:01 Leather Archer Armor
41:42 Bodkin Arrow
42:47 Blast Furnace
42:30 Elite Ballista Elephant
42:58 Crossbowman
43:09 Elite Genitour
46:12 Caravan
53:06 Ring Archer Armor
52:37 Bracer
59:28 Arbalester
Connection lost

Rejoining the realm…

Still unreachable

The connection could not be restored.

Session expired

The server has moved on; the page needs a fresh start.